[Event "Slovakia Open Piestany-A 2022"]
[Site "Piestany"]
[Date "2022.07.15"]
[Round "5.21"]
[White "Krasenkow, Michal"]
[Black "Gyerpal, Adrian"]
[Result "1-0"]
[ECO "A14"]
[WhiteElo "2569"]
[BlackElo "2193"]
[Annotator "ChessBase"]
[PlyCount "73"]
[EventDate "2022.07.12"]
[EventType "swiss"]
[EventCountry "SVK"]
[SourceTitle "playchess.com"]
[Source "ChessBase"]
[SourceQuality "1"]
[TimeControl "40/5400+30:1800+30"]

1. Nf3 Nf6 2. c4 e6 3. g3 d5 4. Bg2 Be7 5. d4 O-O 6. Nbd2 b6 7. b3 Bb7 8. Bb2 c5 9. e3 Nc6 10. O-O Rc8 11. Qe2 cxd4 12. exd4 Qc7 13. Rac1 Rfd8 14. Rfd1 Qb8 15. Bh3 h6 16. Nf1 Re8 17. Ne3 Rcd8 18. Ne5 Nxe5 19. dxe5 Ne4 20. cxd5 exd5 21. Nf5 Bc5 22. Qg4 Ng5 23. Bg2 d4 24. h4 Bxg2 25. Kxg2 Qb7+ 26. f3 Rxe5 27. hxg5 Re2+ 28. Kh3 h5 29. Qf4 Rxb2 30. Rxc5 bxc5 31. Qe5 f6 32. gxf6 Qf7 33. fxg7 Kh7 34. Re1 Rxa2 35. Qxc5 Rg8 36. Re7 Qg6 37. Nh4 1-0

[Event "Slovakia Open Piestany-A 2022"]
[Site "Piestany"]
[Date "2022.07.15"]
[Round "5.22"]
[White "Leszko, Bence"]
[Black "Drtina, Milan"]
[Result "1-0"]
[ECO "C53"]
[WhiteElo "2241"]
[BlackElo "2167"]
[Annotator "ChessBase"]
[PlyCount "75"]
[EventDate "2022.07.12"]
[EventType "swiss"]
[EventCountry "SVK"]
[SourceTitle "playchess.com"]
[Source "ChessBase"]
[SourceQuality "1"]
[TimeControl "40/5400+30:1800+30"]

1. e4 e5 2. Nf3 Nc6 3. Bc4 Bc5 4. c3 d6 5. d4 exd4 6. cxd4 Bb4+ 7. Nc3 Nf6 8. d5 Bxc3+ 9. bxc3 Ne7 10. Bd3 Ng6 11. Nd4 O-O 12. O-O Re8 13. Re1 Bd7 14. Rb1 c5 15. Nb5 c4 16. Bc2 Bxb5 17. Rxb5 Qc8 18. h3 Nd7 19. Rb4 a6 20. a4 Rb8 21. Be3 b5 22. Qb1 Nc5 23. axb5 axb5 24. Rxb5 Rxb5 25. Qxb5 Nxe4 26. Qb4 Nf6 27. Rd1 Qc7 28. Bb6 Qb8 29. Ba4 Re5 30. Bc6 Nf4 31. Qa5 N6xd5 32. Bxd5 Ne2+ 33. Kf1 Nxc3 34. Qxc3 Qxb6 35. Qxc4 g6 36. Bxf7+ Kg7 37. Bd5 Qb2 38. Bf3 1-0

[Event "Slovakia Open Piestany-A 2022"]
[Site "Piestany"]
[Date "2022.07.15"]
[Round "5.23"]
[White "Mullick, Raahil"]
[Black "Tripodi, Enzo"]
[Result "1-0"]
[ECO "B08"]
[WhiteElo "2237"]
[BlackElo "2141"]
[Annotator "ChessBase"]
[PlyCount "69"]
[EventDate "2022.07.12"]
[EventType "swiss"]
[EventCountry "SVK"]
[SourceTitle "playchess.com"]
[Source "ChessBase"]
[SourceQuality "1"]
[TimeControl "40/5400+30:1800+30"]

1. e4 d6 2. d4 Nf6 3. Nc3 g6 4. Nf3 Bg7 5. Be3 c6 6. Qd2 b5 7. Bd3 Nbd7 8. Bh6 O-O 9. Bxg7 Kxg7 10. a4 b4 11. Ne2 a5 12. e5 Nd5 13. h4 dxe5 14. h5 Rh8 15. dxe5 Nc5 16. Bc4 Ba6 17. Bxa6 Rxa6 18. h6+ Kf8 19. Ng5 Qd7 20. Qd4 Ne6 21. Nxe6+ Qxe6 22. Nf4 Qg4 23. Rh4 Qc8 24. Nxd5 cxd5 25. Qxd5 f6 26. Rc4 Qa8 27. e6 Qe8 28. O-O-O Rd6 29. Qb7 Rxe6 30. Rc8 Kf7 31. Rxe8 Rxe8 32. Qd5 Rc8 33. Re1 Rcc6 34. Rxe6 Rxe6 35. g4 1-0

[Event "Slovakia Open Piestany-A 2022"]
[Site "Piestany"]
[Date "2022.07.15"]
[Round "5.24"]
[White "Aradhya, Garg"]
[Black "Travnicek, Krystof Mikulas"]
[Result "1/2-1/2"]
[ECO "B31"]
[WhiteElo "2229"]
[BlackElo "2138"]
[Annotator "ChessBase"]
[PlyCount "67"]
[EventDate "2022.07.12"]
[EventType "swiss"]
[EventCountry "SVK"]
[SourceTitle "playchess.com"]
[Source "ChessBase"]
[SourceQuality "1"]
[TimeControl "40/5400+30:1800+30"]

1. Nf3 c5 2. e4 Nc6 3. Bb5 g6 4. O-O Bg7 5. Re1 Nf6 6. e5 Nd5 7. Nc3 Nc7 8. Bxc6 dxc6 9. Ne4 Ne6 10. d3 h6 11. a3 a5 12. Be3 b6 13. Qd2 Nd4 14. Bxd4 cxd4 15. Nf6+ Kf8 16. Ne4 Bg4 17. Qf4 Bxf3 18. e6 f5 19. Qxf3 Kg8 20. Ng3 Qd5 21. Qf4 Kh7 22. h4 h5 23. Nf1 Rhd8 24. Qc7 Qd6 25. Qxd6 Rxd6 26. Nd2 Rd5 27. Nc4 Ra6 28. f4 b5 29. Nd2 a4 30. Re2 Kg8 31. Kf2 Kf8 32. Nf3 c5 33. Rae1 Bf6 34. g3 1/2-1/2

[Event "Slovakia Open Piestany-A 2022"]
[Site "Piestany"]
[Date "2022.07.15"]
[Round "5.26"]
[White "Compel, Daniel"]
[Black "Holly, Andrej"]
[Result "1/2-1/2"]
[ECO "C07"]
[WhiteElo "2098"]
[BlackElo "2213"]
[Annotator "ChessBase"]
[PlyCount "121"]
[EventDate "2022.07.12"]
[EventType "swiss"]
[EventCountry "SVK"]
[SourceTitle "playchess.com"]
[Source "ChessBase"]
[SourceQuality "1"]
[TimeControl "40/5400+30:1800+30"]

1. d4 e6 2. e4 d5 3. Nd2 c5 4. exd5 Qxd5 5. Ngf3 cxd4 6. Bc4 Qd6 7. O-O Nf6 8. Nb3 Nc6 9. Nbxd4 Nxd4 10. Qxd4 Qxd4 11. Nxd4 Bd7 12. Bf4 Bc5 13. Rad1 Rc8 14. Bb3 O-O 15. h3 Rfd8 16. c3 Be8 17. Be3 Nd5 18. Bg5 Nf6 19. Be3 Bb6 20. Rfe1 h6 21. Nf3 Rxd1 22. Bxd1 Bxe3 23. Rxe3 Rd8 24. Bb3 Kf8 25. Nd4 Rd6 26. Re2 Nd5 27. g3 a5 28. Rd2 a4 29. Nf5 exf5 30. Bxd5 Bc6 31. c4 Bxd5 32. cxd5 Ke7 33. Rd4 b5 34. Kf1 Rd7 35. Ke2 Kd6 36. Kd3 Rc7 37. Kd2 Rc5 38. Rf4 Rxd5+ 39. Kc3 Kc5 40. h4 g6 41. a3 Rd1 42. Kc2 Rd4 43. Rf3 Kc4 44. Rc3+ Kd5 45. Re3 Re4 46. Rd3+ Ke5 47. f4+ Ke6 48. Kd2 f6 49. Rd8 g5 50. fxg5 fxg5 51. Rh8 Rg4 52. Rxh6+ Kd5 53. hxg5 Rxg3 54. Rb6 Kc5 55. Rg6 f4 56. Rf6 Rg4 57. Kd3 Rg3+ 58. Kd2 Rg4 59. Kd3 Rg3+ 60. Kd2 Rg2+ 61. Kc3 1/2-1/2

[Event "Slovakia Open Piestany-A 2022"]
[Site "Piestany"]
[Date "2022.07.15"]
[Round "5.27"]
[White "Paluska, Karol"]
[Black "Skreko, Igor"]
[Result "1/2-1/2"]
[ECO "E71"]
[WhiteElo "1957"]
[BlackElo "2193"]
[Annotator "ChessBase"]
[PlyCount "120"]
[EventDate "2022.07.12"]
[EventType "swiss"]
[EventCountry "SVK"]
[SourceTitle "playchess.com"]
[Source "ChessBase"]
[SourceQuality "1"]
[TimeControl "40/5400+30:1800+30"]

1. d4 Nf6 2. c4 g6 3. Nc3 Bg7 4. e4 d6 5. h3 O-O 6. Be3 c6 7. g4 e5 8. d5 Na6 9. Nge2 Nc5 10. Ng3 a5 11. g5 Ne8 12. dxc6 Nc7 13. cxb7 Bxb7 14. Bxc5 dxc5 15. Qxd8 Rfxd8 16. Nd5 Ne6 17. h4 Rab8 18. O-O-O Kf8 19. Bd3 Ba6 20. Ne2 Rd7 21. Kc2 Bc8 22. Rb1 Rdb7 23. Kc3 Bd7 24. b3 Bc6 25. Rhd1 h6 26. Rg1 hxg5 27. hxg5 Ke8 28. Bc2 Bxd5 29. exd5 Nd4 30. Nxd4 exd4+ 31. Kd2 Be5 32. Rbe1 Re7 33. Re4 Kf8 34. Ke2 Rbe8 35. Kf3 Bd6 36. Rge1 Rxe4 37. Rxe4 Rb8 38. Kg4 Kg7 39. Re2 Rh8 40. f4 Rh1 41. Rf2 Rg1+ 42. Kf3 Ra1 43. Bd3 Re1 44. Be2 Rc1 45. Bd3 Rh1 46. Bf1 Rh8 47. Kg4 Rh1 48. Kf3 Kf8 49. Kg2 Rh8 50. Kf3 Ke7 51. Kg4 Rh1 52. a4 Kf8 53. Kf3 Kg7 54. Ke4 Rh8 55. Kf3 Bc7 56. Kg3 Rb8 57. Rb2 Bd6 58. Kf3 Bc7 59. Kg4 Bd6 60. Kf3 Rh8 1/2-1/2

[Event "Slovakia Open Piestany-A 2022"]
[Site "Piestany"]
[Date "2022.07.15"]
[Round "5.28"]
[White "Michelle Catherina, P."]
[Black "Sosovickova, Jana"]
[Result "1-0"]
[ECO "C77"]
[WhiteElo "2141"]
[BlackElo "1958"]
[Annotator "ChessBase"]
[PlyCount "61"]
[EventDate "2022.07.12"]
[EventType "swiss"]
[EventCountry "SVK"]
[SourceTitle "playchess.com"]
[Source "ChessBase"]
[SourceQuality "1"]
[TimeControl "40/5400+30:1800+30"]

1. e4 e5 2. Nf3 Nc6 3. Bb5 a6 4. Ba4 Nf6 5. Nc3 b5 6. Bb3 Bc5 7. d3 d6 8. Nd5 h6 9. c3 O-O 10. Nxf6+ Qxf6 11. Bd5 Bb7 12. g4 Nd8 13. g5 Qe7 14. Bb3 Ne6 15. gxh6 g6 16. Rg1 Kh7 17. Bxe6 fxe6 18. Ng5+ Kh8 19. Be3 Bxe3 20. fxe3 Rf6 21. Qg4 Raf8 22. O-O-O c5 23. h4 Bc6 24. Qh3 d5 25. Qg3 d4 26. Qxe5 dxe3 27. Rde1 Kg8 28. h7+ Kg7 29. Rxe3 c4 30. dxc4 bxc4 31. Rf3 1-0

[Event "Slovakia Open Piestany-A 2022"]
[Site "Piestany"]
[Date "2022.07.15"]
[Round "5.29"]
[White "Sevcikova, Lucia"]
[Black "Pennica, Andrea"]
[Result "0-1"]
[ECO "A58"]
[WhiteElo "2036"]
[BlackElo "1986"]
[Annotator "ChessBase"]
[PlyCount "70"]
[EventDate "2022.07.12"]
[EventType "swiss"]
[EventCountry "SVK"]
[SourceTitle "playchess.com"]
[Source "ChessBase"]
[SourceQuality "1"]
[TimeControl "40/5400+30:1800+30"]

1. d4 Nf6 2. c4 c5 3. d5 b5 4. cxb5 a6 5. bxa6 g6 6. Nc3 Bg7 7. e4 O-O 8. Nf3 Qa5 9. Bd2 d6 10. Be2 Bxa6 11. O-O Bxe2 12. Qxe2 Qa6 13. Qxa6 Nxa6 14. a3 Rfb8 15. Rfb1 Rb3 16. Bc1 Rab8 17. Nd2 R3b7 18. f4 Ng4 19. Nd1 Nc7 20. h3 Bd4+ 21. Kf1 Nf6 22. Ra2 e6 23. dxe6 Nxe6 24. g3 h5 25. h4 c4 26. Nxc4 Nxe4 27. Kg2 Rb3 28. Nce3 Rc8 29. Kf3 f5 30. Kg2 Bxe3 31. Nxe3 d5 32. Nxd5 Rc2+ 33. Kg1 Rxg3+ 34. Kh1 Rh3+ 35. Kg1 Ng3 0-1

[Event "Slovakia Open Piestany-A 2022"]
[Site "Piestany"]
[Date "2022.07.15"]
[Round "5.30"]
[White "Soham Datar"]
[Black "Zdrazil, Patrik"]
[Result "1/2-1/2"]
[ECO "C11"]
[WhiteElo "2111"]
[BlackElo "2103"]
[Annotator "ChessBase"]
[PlyCount "106"]
[EventDate "2022.07.12"]
[EventType "swiss"]
[EventCountry "SVK"]
[SourceTitle "playchess.com"]
[Source "ChessBase"]
[SourceQuality "1"]
[TimeControl "40/5400+30:1800+30"]

1. e4 e6 2. d4 d5 3. Nc3 Nf6 4. e5 Nfd7 5. f4 c5 6. Nf3 Nc6 7. Be3 Be7 8. Qd2 a6 9. a3 b6 10. g3 Bb7 11. Bh3 O-O 12. O-O Qc7 13. Ne2 cxd4 14. Nexd4 Nc5 15. Nxc6 Bxc6 16. Nd4 Bd7 17. Rae1 a5 18. Bg2 g6 19. h4 h5 20. Kh2 Rab8 21. f5 exf5 22. Bg5 Bxg5 23. Qxg5 Ne6 24. Nxe6 Bxe6 25. c3 Kg7 26. Bf3 Qd8 27. Qf4 Qe7 28. Rd1 Rfd8 29. Rd4 Rbc8 30. Rfd1 Rc5 31. Qd2 Qc7 32. Qg5 Rd7 33. Qe3 Re7 34. Re1 Rc4 35. Qg5 Kh7 36. Bxh5 Rxd4 37. cxd4 gxh5 38. Qxh5+ Kg7 39. Qg5+ Kh7 40. Rc1 Qd8 41. Qh5+ Kg7 42. Qg5+ Kf8 43. Qh6+ Ke8 44. h5 Kd7 45. Qd2 Qh8 46. Qc2 Qxh5+ 47. Kg2 Kd8 48. Qc6 Qe2+ 49. Kg1 Rd7 50. Qxb6+ Ke7 51. Rc8 Qe3+ 52. Kg2 Qe2+ 53. Kg1 Qe1+ 1/2-1/2

[Event "Slovakia Open Piestany-A 2022"]
[Site "Piestany"]
[Date "2022.07.15"]
[Round "5.31"]
[White "Chlpik, Martin"]
[Black "Saravanan Durga"]
[Result "1-0"]
[ECO "D02"]
[WhiteElo "2236"]
[BlackElo "1908"]
[Annotator "ChessBase"]
[PlyCount "54"]
[EventDate "2022.07.12"]
[EventType "swiss"]
[EventCountry "SVK"]
[SourceTitle "playchess.com"]
[Source "ChessBase"]
[SourceQuality "1"]
[TimeControl "40/5400+30:1800+30"]

1. d4 Nf6 2. Nf3 d5 3. Bf4 c5 4. e3 e6 5. c3 Nc6 6. Nbd2 Bd6 7. Bg3 O-O 8. Bd3 b6 9. Ne5 Bb7 10. f4 Ne7 11. Qb1 Ng6 12. O-O cxd4 13. exd4 Nh5 14. Ndf3 Qe8 15. a4 a6 16. Ng5 f5 17. Qd1 Nxg3 18. hxg3 Nxe5 19. fxe5 Bc7 20. g4 Qg6 21. Nh3 Qxg4 22. Qxg4 fxg4 23. Ng5 Rxf1+ 24. Rxf1 Re8 25. Bxh7+ Kh8 26. Bg6 Rb8 27. Rf7 Bd8 1-0

[Event "Slovakia Open Piestany-A 2022"]
[Site "Piestany"]
[Date "2022.07.15"]
[Round "6.1"]
[White "Omelja, Artem"]
[Black "Demchenko, Anton"]
[Result "1-0"]
[ECO "E51"]
[WhiteElo "2478"]
[BlackElo "2653"]
[Annotator "ChessBase"]
[PlyCount "91"]
[EventDate "2022.07.12"]
[EventType "swiss"]
[EventCountry "SVK"]
[SourceTitle "playchess.com"]
[Source "ChessBase"]
[SourceQuality "1"]
[TimeControl "40/5400+30:1800+30"]

1. d4 d5 2. c4 e6 3. Nc3 Bb4 4. e3 Nf6 5. Bd2 O-O 6. Nf3 b6 7. cxd5 exd5 8. Rc1 Bb7 9. Bd3 Bd6 10. O-O Ne4 11. Nb5 Nd7 12. Be1 Ndf6 13. Nxd6 cxd6 14. Nd2 Qe7 15. Nb1 Ng5 16. Qd2 Rfe8 17. Bb5 Rec8 18. Rxc8+ Rxc8 19. f3 Ne8 20. Nc3 Ne6 21. Bd3 g6 22. Bg3 h5 23. Qf2 a6 24. a3 b5 25. h3 Qf6 26. Bb1 N8g7 27. Ba2 Nc7 28. e4 Qe7 29. Qd2 Rd8 30. Re1 dxe4 31. fxe4 Kh7 32. Qf2 f6 33. Bh4 Rf8 34. e5 dxe5 35. dxe5 Nf5 36. Bxf6 Qe8 37. Rd1 Qc6 38. Nd5 Ne6 39. Bb1 Qc5 40. Qxc5 Nxc5 41. Bxf5 gxf5 42. Be7 Rc8 43. Nb6 Rg8 44. Bxc5 Rxg2+ 45. Kf1 Be4 46. Nd5 1-0

[Event "Slovakia Open Piestany-A 2022"]
[Site "Piestany"]
[Date "2022.07.15"]
[Round "6.2"]
[White "Moroni, Luca Jr"]
[Black "Lewtak, Damian"]
[Result "1/2-1/2"]
[ECO "A40"]
[WhiteElo "2584"]
[BlackElo "2397"]
[Annotator "ChessBase"]
[PlyCount "120"]
[EventDate "2022.07.12"]
[EventType "swiss"]
[EventCountry "SVK"]
[SourceTitle "playchess.com"]
[Source "ChessBase"]
[SourceQuality "1"]
[TimeControl "40/5400+30:1800+30"]

1. d4 e6 2. c4 Bb4+ 3. Nd2 c5 4. dxc5 Nf6 5. Ngf3 Bxc5 6. e3 Be7 7. b3 b6 8. Bb2 Bb7 9. Bd3 d6 10. O-O Nbd7 11. Qe2 Qc7 12. e4 Rc8 13. Rad1 Qb8 14. e5 dxe5 15. Nxe5 Nxe5 16. Bxe5 Qa8 17. Bxf6 Bxf6 18. Be4 O-O 19. Bxb7 Qxb7 20. Ne4 Be7 21. Nd6 Bxd6 22. Rxd6 Rfd8 23. Rfd1 Qc7 24. R6d3 h6 25. g3 Rxd3 26. Qxd3 Re8 27. Qd4 e5 28. Qe4 Re7 29. h4 h5 30. Rd5 g6 31. b4 Kh7 32. a4 f5 33. Qd3 e4 34. Qd4 e3 35. Kf1 exf2 36. Kxf2 Qc6 37. Rd8 Rg7 38. b5 Qe6 39. Rd6 Qe7 40. Qf4 Qf8 41. a5 bxa5 42. c5 Qb8 43. Qc4 Qc7 44. Rd5 Rf7 45. Qd4 a4 46. Qxa4 f4 47. Qe4 fxg3+ 48. Kg2 Rf2+ 49. Kg1 Kh6 50. Qd4 Qg7 51. Qxg7+ Kxg7 52. Rd7+ Kf6 53. Rxa7 Rc2 54. c6 Kf5 55. Ra1 g5 56. Rb1 gxh4 57. b6 h3 58. c7 Kg6 59. b7 Rg2+ 60. Kf1 Rf2+ 1/2-1/2

[Event "Slovakia Open Piestany-A 2022"]
[Site "Piestany"]
[Date "2022.07.15"]
[Round "6.3"]
[White "Neugebauer, Martin"]
[Black "Kozak, Antoni"]
[Result "1/2-1/2"]
[ECO "B90"]
[WhiteElo "2528"]
[BlackElo "2475"]
[Annotator "ChessBase"]
[PlyCount "60"]
[EventDate "2022.07.12"]
[EventType "swiss"]
[EventCountry "SVK"]
[SourceTitle "playchess.com"]
[Source "ChessBase"]
[SourceQuality "1"]
[TimeControl "40/5400+30:1800+30"]

1. e4 c5 2. Nf3 d6 3. d4 cxd4 4. Nxd4 Nf6 5. Nc3 a6 6. h3 e5 7. Nb3 Be6 8. f4 Nbd7 9. f5 Bxb3 10. axb3 d5 11. exd5 Bb4 12. Bd2 O-O 13. Qe2 Bxc3 14. bxc3 Nxd5 15. O-O-O Qc7 16. c4 Ne7 17. Bb4 Nxf5 18. Qf2 Nd4 19. Bxf8 Rxf8 20. Be2 Nc5 21. Bf3 b5 22. Rxd4 exd4 23. Qxd4 Rd8 24. Bd5 bxc4 25. Qxc4 Qe5 26. Rd1 Qa1+ 27. Kd2 Qe5 28. Kc1 Qa1+ 29. Kd2 Qe5 30. Kc1 Qa1+ 1/2-1/2

[Event "Slovakia Open Piestany-A 2022"]
[Site "Piestany"]
[Date "2022.07.15"]
[Round "6.4"]
[White "Pacher, Milan"]
[Black "Donchenko, Alexander"]
[Result "0-1"]
[ECO "B22"]
[WhiteElo "2399"]
[BlackElo "2640"]
[Annotator "ChessBase"]
[PlyCount "92"]
[EventDate "2022.07.12"]
[EventType "swiss"]
[EventCountry "SVK"]
[SourceTitle "playchess.com"]
[Source "ChessBase"]
[SourceQuality "1"]
[TimeControl "40/5400+30:1800+30"]

1. e4 c5 2. c3 Nf6 3. e5 Nd5 4. Bc4 Nb6 5. Bb3 d5 6. exd6 Qxd6 7. Nf3 c4 8. Bc2 Qe6+ 9. Qe2 Qxe2+ 10. Kxe2 Nc6 11. a4 e5 12. Re1 f6 13. a5 Nd5 14. Kf1 Be6 15. a6 b6 16. d4 cxd3 17. Bxd3 O-O-O 18. Be4 Be7 19. Na3 Bxa3 20. Rxa3 Na5 21. Nd2 Nc7 22. b4 Nc4 23. Nxc4 Bxc4+ 24. Kg1 Nb5 25. Ra1 Nxc3 26. Bb7+ Kc7 27. Be3 Ne2+ 28. Kh1 Rd6 29. g4 g5 30. h4 h5 31. hxg5 hxg4+ 32. Kg2 f5 33. Rh1 Rhd8 34. Rh7+ R6d7 35. Rh6 Kb8 36. Bc6 Rc7 37. b5 f4 38. Bc1 Nxc1 39. Rxc1 Bxb5 40. Bxb5 Rxc1 41. g6 Rdd1 42. Rh8+ Kc7 43. Rh7+ Kd6 44. g7 Rg1+ 45. Kh2 Rh1+ 46. Kg2 Rcg1# 0-1

[Event "Slovakia Open Piestany-A 2022"]
[Site "Piestany"]
[Date "2022.07.15"]
[Round "6.5"]
[White "Bhambure, Shantanu"]
[Black "Schitco, Ivan"]
[Result "0-1"]
[ECO "D52"]
[WhiteElo "2320"]
[BlackElo "2490"]
[Annotator "ChessBase"]
[PlyCount "84"]
[EventDate "2022.07.12"]
[EventType "swiss"]
[EventCountry "SVK"]
[SourceTitle "playchess.com"]
[Source "ChessBase"]
[SourceQuality "1"]
[TimeControl "40/5400+30:1800+30"]

1. d4 d5 2. c4 c6 3. Nf3 Nf6 4. Nc3 e6 5. Bg5 Nbd7 6. e3 Qa5 7. Nd2 Bb4 8. Qc2 dxc4 9. Bxf6 Nxf6 10. Nxc4 Qc7 11. Be2 c5 12. O-O Bd7 13. a3 cxd4 14. axb4 dxc3 15. Qxc3 O-O 16. Ne5 Rfc8 17. Qxc7 Rxc7 18. Rfc1 Rxc1+ 19. Rxc1 Rc8 20. Rxc8+ Bxc8 21. Bf3 Kf8 22. Kf1 Ke7 23. Ke2 Ne8 24. Kd3 f6 25. Nc4 b6 26. Be4 Ba6 27. b3 h6 28. f4 Nc7 29. Kc3 g5 30. g3 Bb5 31. Bf3 Be8 32. Nd2 Nb5+ 33. Kd3 Nd6 34. Ba8 Bb5+ 35. Kd4 Nf5+ 36. Ke4 Be2 37. Bc6 g4 38. b5 Kd6 39. b4 Kc7 40. Nb3 a6 41. Nc1 Bf1 42. Nb3 axb5 0-1

[Event "Slovakia Open Piestany-A 2022"]
[Site "Piestany"]
[Date "2022.07.15"]
[Round "6.6"]
[White "Samunenkov, Ihor"]
[Black "Niedbala, Bartlomiej"]
[Result "0-1"]
[ECO "D45"]
[WhiteElo "2448"]
[BlackElo "2381"]
[Annotator "ChessBase"]
[PlyCount "72"]
[EventDate "2022.07.12"]
[EventType "swiss"]
[EventCountry "SVK"]
[SourceTitle "playchess.com"]
[Source "ChessBase"]
[SourceQuality "1"]
[TimeControl "40/5400+30:1800+30"]

1. Nf3 d5 2. e3 Nf6 3. c4 c6 4. Nc3 e6 5. d4 a6 6. Qc2 c5 7. cxd5 exd5 8. Be2 Nc6 9. O-O cxd4 10. Nxd4 Nxd4 11. exd4 Be7 12. Qb3 O-O 13. Bf3 Be6 14. Qxb7 Qd6 15. Qb3 Rab8 16. Qd1 Rfc8 17. g3 Qc6 18. Re1 Bb4 19. Bf4 Bxc3 20. bxc3 Rb2 21. Rc1 Qc4 22. a4 Ra2 23. Re5 Qxa4 24. Qe1 Kh8 25. Bg5 Qd7 26. Bxf6 gxf6 27. Rh5 Rg8 28. Qe3 Rg6 29. Qf4 Kg7 30. Kg2 h6 31. h4 Rb2 32. Kg1 a5 33. c4 a4 34. cxd5 Bg4 35. Rc7 Bxf3 36. Rc1 Bxh5 0-1

[Event "Slovakia Open Piestany-A 2022"]
[Site "Piestany"]
[Date "2022.07.15"]
[Round "6.7"]
[White "Czerw, Dawid"]
[Black "Piesik, Piotr"]
[Result "1-0"]
[ECO "C16"]
[WhiteElo "2391"]
[BlackElo "2440"]
[Annotator "ChessBase"]
[PlyCount "65"]
[EventDate "2022.07.12"]
[EventType "swiss"]
[EventCountry "SVK"]
[SourceTitle "playchess.com"]
[Source "ChessBase"]
[SourceQuality "1"]
[TimeControl "40/5400+30:1800+30"]

1. e4 e6 2. d4 d5 3. Nc3 Bb4 4. e5 b6 5. a3 Bxc3+ 6. bxc3 Qd7 7. Qg4 f5 8. Qg3 Ba6 9. Bxa6 Nxa6 10. a4 O-O-O 11. a5 Nb8 12. axb6 cxb6 13. Ba3 Nh6 14. Ne2 Nc6 15. O-O Na5 16. Bc1 Ng8 17. Rxa5 bxa5 18. Ba3 Kb7 19. Nf4 Nh6 20. c4 g5 21. Qxg5 Nf7 22. Qf6 Rhg8 23. Nxe6 Rc8 24. Nc5+ Rxc5 25. e6 Qd8 26. Qxf7+ Rc7 27. e7 Qc8 28. Qxd5+ Rc6 29. Rb1+ Kc7 30. Bc1 Rg4 31. Qe5+ Kd7 32. e8=Q+ Qxe8 33. Rb7+ 1-0

[Event "Slovakia Open Piestany-A 2022"]
[Site "Piestany"]
[Date "2022.07.15"]
[Round "6.8"]
[White "Sahidi, Samir"]
[Black "Kostolansky, Sebastian Lukas"]
[Result "1/2-1/2"]
[ECO "E05"]
[WhiteElo "2462"]
[BlackElo "2406"]
[Annotator "ChessBase"]
[PlyCount "115"]
[EventDate "2022.07.12"]
[EventType "swiss"]
[EventCountry "SVK"]
[SourceTitle "playchess.com"]
[Source "ChessBase"]
[SourceQuality "1"]
[TimeControl "40/5400+30:1800+30"]

1. d4 Nf6 2. c4 e6 3. Nf3 d5 4. g3 Be7 5. Bg2 O-O 6. O-O dxc4 7. Qc2 b5 8. a4 Bb7 9. axb5 a6 10. Nc3 axb5 11. Rxa8 Bxa8 12. Nxb5 Bxf3 13. Bxf3 c6 14. Na3 Bxa3 15. bxa3 Qxd4 16. Bb2 Qc5 17. Rc1 Nbd7 18. Qxc4 Qxc4 19. Rxc4 c5 20. Ra4 Rb8 21. Ra8 Rxa8 22. Bxa8 Nb6 23. Bc6 Nc4 24. Bc1 Nd5 25. Kf1 Kf8 26. Ke1 Ke7 27. Ba4 Na5 28. Bc2 c4 29. e4 Nc7 30. Be3 Nb5 31. a4 Nd6 32. Kd2 e5 33. Kc3 Kd7 34. Bb6 Nb3 35. f3 Kc6 36. Be3 Nc5 37. Bd1 f6 38. h4 f5 39. Bc2 fxe4 40. Bxc5 Kxc5 41. Bxe4 h6 42. h5 Ne8 43. a5 Nc7 44. g4 Nb5+ 45. Kd2 Nd6 46. Kc3 Nb5+ 47. Kb2 Nd6 48. Kc3 Kb5 49. Bd5 Kc5 50. Bg8 e4 51. fxe4 Nxe4+ 52. Kc2 Kb5 53. Bxc4+ Kxa5 54. Be2 Kb6 55. Kd3 Ng5 56. Kd4 Kc7 57. Ke5 Kd7 58. Kf5 1/2-1/2

[Event "Slovakia Open Piestany-A 2022"]
[Site "Piestany"]
[Date "2022.07.15"]
[Round "6.9"]
[White "Domalchuk-Jonasson, Aleksandr"]
[Black "Gretarsson, Helgi Ass"]
[Result "0-1"]
[ECO "E33"]
[WhiteElo "2244"]
[BlackElo "2472"]
[Annotator "ChessBase"]
[PlyCount "102"]
[EventDate "2022.07.12"]
[EventType "swiss"]
[EventCountry "SVK"]
[SourceTitle "playchess.com"]
[Source "ChessBase"]
[SourceQuality "1"]
[TimeControl "40/5400+30:1800+30"]

1. d4 Nf6 2. c4 Nc6 3. Nf3 e6 4. Nc3 Bb4 5. Qc2 d6 6. Bd2 O-O 7. a3 Bxc3 8. Bxc3 Re8 9. b4 a5 10. b5 Ne7 11. g3 b6 12. Bg2 Bb7 13. O-O Be4 14. Qb2 h6 15. Rfd1 Qb8 16. Rac1 Qb7 17. a4 Rac8 18. c5 Qd5 19. Ne1 Bxg2 20. Nxg2 Qh5 21. f3 g5 22. e4 Nd7 23. cxd6 cxd6 24. Qe2 d5 25. e5 Rc4 26. Ne3 Rxa4 27. Kg2 Qg6 28. g4 f6 29. exf6 Nxf6 30. Qb2 h5 31. Qb3 Rc4 32. Nxc4 dxc4 33. Qxc4 Nfd5 34. Bd2 hxg4 35. Rf1 Nf5 36. Kg1 Nh4 37. Qe2 Nxf3+ 38. Kh1 Rf8 39. Qg2 Qe4 40. Rf2 Qxd4 41. Rcf1 Rf5 42. Bc1 Kh7 43. h3 Nh4 44. Rxf5 Nxg2 45. Rf7+ Kg6 46. Kxg2 Nf4+ 47. Bxf4 Qe4+ 48. Kg3 Kxf7 49. Bxg5+ Kg6 50. Kh4 gxh3+ 51. Bf4 h2 0-1

[Event "Slovakia Open Piestany-A 2022"]
[Site "Piestany"]
[Date "2022.07.15"]
[Round "6.10"]
[White "Sharma Isha"]
[Black "Stefansson, Vignir Vatnar"]
[Result "1/2-1/2"]
[ECO "C42"]
[WhiteElo "2236"]
[BlackElo "2461"]
[Annotator "ChessBase"]
[PlyCount "72"]
[EventDate "2022.07.12"]
[EventType "swiss"]
[EventCountry "SVK"]
[SourceTitle "playchess.com"]
[Source "ChessBase"]
[SourceQuality "1"]
[TimeControl "40/5400+30:1800+30"]

1. e4 e5 2. Nf3 Nf6 3. Nxe5 Nxe4 4. Qe2 Qe7 5. Qxe4 d6 6. d4 dxe5 7. dxe5 Nc6 8. Nc3 Qxe5 9. Qxe5+ Nxe5 10. Nb5 Bb4+ 11. Bd2 Bxd2+ 12. Kxd2 Kd8 13. Re1 f6 14. f4 Ng6 15. g3 Bd7 16. Bc4 c6 17. Nd4 Kc7 18. h4 b5 19. Bd3 Rhe8 20. Bf5 Nf8 21. h5 Rxe1 22. Rxe1 Re8 23. Bxd7 Rxe1 24. Kxe1 Kxd7 25. Kd2 Ne6 26. Nxe6 Kxe6 27. Ke3 c5 28. Ke4 f5+ 29. Ke3 Kd5 30. Kd3 a5 31. c3 a4 32. Ke3 Kc4 33. Kd2 b4 34. Kc2 Kd5 35. cxb4 cxb4 36. Kd3 Kc5 1/2-1/2

[Event "Slovakia Open Piestany-A 2022"]
[Site "Piestany"]
[Date "2022.07.15"]
[Round "6.11"]
[White "Moksh Amit Doshi"]
[Black "Svana, Peter"]
[Result "1-0"]
[ECO "E90"]
[WhiteElo "2409"]
[BlackElo "2280"]
[Annotator "ChessBase"]
[PlyCount "76"]
[EventDate "2022.07.12"]
[EventType "swiss"]
[EventCountry "SVK"]
[SourceTitle "playchess.com"]
[Source "ChessBase"]
[SourceQuality "1"]
[TimeControl "40/5400+30:1800+30"]

1. d4 Nf6 2. c4 g6 3. Nc3 Bg7 4. e4 O-O 5. Nf3 c5 6. d5 b5 7. cxb5 a6 8. a4 d6 9. h3 axb5 10. Bxb5 Ba6 11. Bxa6 Nxa6 12. O-O Nd7 13. Qe2 Qb6 14. Bg5 f6 15. Be3 Rfb8 16. Rab1 Nb4 17. b3 Qd8 18. h4 Qf8 19. Nb5 Rb7 20. h5 Bh6 21. Nd2 Bxe3 22. Qxe3 Ne5 23. Nf3 Nd7 24. Nh4 Qg7 25. Qh3 Qh6 26. hxg6 hxg6 27. Qe6+ Kf8 28. g3 Ne5 29. Kg2 Qd2 30. Nxd6 exd6 31. Qxf6+ Kg8 32. Qxd6 Qd4 33. Nf3 Nxf3 34. Qxg6+ Rg7 35. Qe6+ Rf7 36. Rbd1 Qf6 37. Rh1 Raf8 38. Rh5 Qg7 1-0